 Dungeon Crawl Stone Soup version 0.29.1-1-gd02db6906a (webtiles) character file.

Game seed: 4089722653445343344

23094 Pooter the Severer (level 12, -4/162 HPs)
             Began as a Minotaur Berserker on Oct 4, 2022.
             Was an Elder of Trog.
             Slain by a troll (10 damage)
             ... on level 11 of the Dungeon on Oct 5, 2022.
             The game lasted 01:08:26 (11317 turns).

Pooter the Severer (Minotaur Berserker)            Turns: 11317, Time: 01:08:26

Health: -4/162     AC: 14    Str: 33    XL:     12   Next: 68%
Magic:  11/11      EV:  8    Int:  4    God:    Trog [****..]
Gold:   29         SH:  0    Dex: 10    Spells: 11/11 levels left

rFire   + + .      SeeInvis .   a - +3 battleaxe (venom)
rCold   + . .      Faith    .   (shield currently unavailable)
rNeg    + . .      Spirit   .   B - +2 plate armour {rF+}
rPois   .          Reflect  .   (helmet restricted)
rElec   +          Harm     +   D - scarf {rC+ rF+}
rCorr   .          Rampage  .   x - +0 pair of gloves of Kuptur {Harm rElec Will+}
Will    +++..                   (no boots)
Stlth   ..........              q - amulet of regeneration
HPRegen 2.17/turn               m - ring "Hatasuz" {rElec rN+}
MPRegen 0.12/turn               S - +6 ring of strength

@: berserking (expiring), lethally poisoned (-4 -> -8), strong-willed
(expiring), regenerating (expiring), slowed
A: horns 2, retaliatory headbutt
a: Renounce Religion, Berserk, Trog's Hand, Brothers in Arms


You were on level 11 of the Dungeon.
You worshipped Trog.
Trog was greatly pleased with you.
You visited 1 branch of the dungeon, and saw 11 of its levels.
You also visited: Bailey.

You collected 761 gold pieces.
You spent 732 gold pieces at shops.


Innate Abilities, Weirdness & Mutations

You have a pair of horns on your head.
You reflexively headbutt those who attack you in melee.


   Skills:
 + Level 10.7 Fighting
 * Level 15.9 Axes
 * Level 11.9 Ranged Weapons
 - Level 3.0 Armour
 - Level 2.7 Dodging
 + Level 7.4 Evocations


You had 11 spell levels left.
You didn't know any spells.
Your spell library was empty.

Inventory:

Hand Weapons
 a - a +3 battleaxe of venom (weapon)
 b - a +1 vorpal sling
 d - a +2 vorpal broad axe
 w - a +0 trident
 G - the +5 demon whip "Spellbinder" {antimagic, Will+}
   (You took it off an orc warrior in a bailey)

   It reduces the magical energy of the wielder, and disrupts the spells and
   magical abilities of those it strikes.
   Natural abilities and divine invocations are not affected.
   It unleashes wild and unpredictable magical effects upon striking a wizard or
   a creature with magical abilities.
   Will:      It increases your willpower.
Missiles
 f - 42 stones (quivered)
 p - 10 poisoned darts
 E - 10 javelins
 K - a throwing net {=f}
 O - 3 boomerangs
Armour
 k - a scarf of invisibility
 x - the +0 pair of gloves of Kuptur (worn) {Harm rElec Will+}
   (You found it on level 6 of the Dungeon)

   rElec:     It insulates you from electricity.
   Harm:      It increases damage dealt and taken.
   Will:      It increases your willpower.
 B - a +2 plate armour of fire resistance (worn)
 D - a scarf of resistance (worn)
Jewellery
 m - the ring "Hatasuz" (left hand) {rElec rN+}
   (You found it on level 2 of the Dungeon)

   [ring of positive energy]

   rElec:     It insulates you from electricity.
   rN:        It protects you from negative energy.
 q - an amulet of regeneration (around neck)
 C - an amulet of guardian spirit
 I - a +6 ring of intelligence
 Q - an amulet of the acrobat
 S - a +6 ring of strength (right hand)
Wands
 v - a wand of flame (31)
 y - a wand of iceblast (20)
 P - a wand of acid (4)
Scrolls
 c - a scroll of vulnerability
 e - 9 scrolls of teleportation {@r2}
 h - 3 scrolls of blinking
 l - a scroll of torment
 n - 4 scrolls of noise
 F - a scroll of fear
 H - 3 scrolls of butterflies
 J - a scroll of summoning
 R - a scroll of poison
Potions
 g - 9 potions of heal wounds {@q2}
 i - a potion of flight
 j - 10 potions of curing {@q1}
 o - 8 potions of ambrosia
 r - a potion of might
 s - a potion of haste {unknown}
 t - 2 potions of lignification
 u - 3 potions of mutation
 z - 4 potions of attraction
 A - 2 potions of cancellation
 M - a potion of invisibility

Dungeon Overview and Level Annotations

Branches:
Dungeon (11/15)            Temple (0/1) D:6            Lair (0/5) D:11
    Orc (0/2) D:11         Bailey (visited)

Altars:
Ashenzari
Cheibriados
Hepliaklqana
Makhleb
Okawaru
Qazlal
Uskayaw
The Shining One

Shops:
D:2 [([?!   D:5 ( D:10

(
##...............###.#..####
##..............#...#.#..#
#.................#.#.#..#
#...................#....####
#................#..###......
#........#.#######........###
#.......)#.#8...8##......##
#........#.#Oog..#...##..##
##.......#))@)g..#....#...###
##.....##.#)T...#....#.....#
########.#8K(°8#....#...#.#
#.#######....#......
#............#......
##..................
#..................
#...........#.#....
#................#.


You could see a troll, a kobold brigand, an ogre, a gnoll sergeant, a gnoll and
an orc.


Message History

You closely miss the troll. You slice the orc!!
You kill the orc!
Trog accepts your kill.
The gnoll sergeant hits you from afar with a +0 spear!
* * * LOW HITPOINT WARNING * * *
The troll bites you but does no damage. The troll claws you.
* * * LOW HITPOINT WARNING * * *
The troll claws you.
* * * LOW HITPOINT WARNING * * *
The gnoll barely misses you. You furiously retaliate!
You headbutt the gnoll!
You kill the gnoll!
Trog accepts your kill.
The kobold brigand throws a curare-tipped dart.
The curare-tipped dart hits you.
You are poisoned.
You have difficulty breathing.
* * * LOW HITPOINT WARNING * * *
You feel yourself slow down.
You closely miss the troll.
The troll is almost dead.
You barely miss the ogre. You barely miss the orc. You slash the orc!
You kill the orc!
Trog accepts your kill.
You feel very sick.
The gnoll sergeant hits you from afar with a +0 spear.
* * * LOW HITPOINT WARNING * * *
The orc hits you but does no damage. The ogre barely misses you.
You furiously retaliate!
You headbutt the ogre! The troll bites you but does no damage.
The troll claws you!
You die...

Skill      XL: |  1  2  3  4  5  6  7  8  9 10 11 |
---------------+----------------------------------+-----
Fighting       | 4 5 6 7 8 9 10 | 10.7
Axes           | 4 5 6 7 8 10 11 13 15 | 15.9
Armour         | 3 |  3.0
Evocations     | 1 2 3 4 5 6 7 |  7.4
Ranged Weapons | 2 5 8 11 | 11.9
Dodging        | |  2.7

Action                   |  1- 3 |  4- 6 |  7- 9 | 10-12 || total
-------------------------+-------+-------+-------+-------++-------
Melee: Hand axe          |    81 |    38 |       |       ||   119
       Headbutt          |    14 |    11 |    23 |    32 ||    80
       War axe           |       |    79 |   120 |       ||   199
       Punch             |       |     3 |       |       ||     3
       Battleaxe         |       |       |    27 |   172 ||   199
       Broad axe         |       |       |    25 |       ||    25
 Fire: Sling             |       |       |    12 |    44 ||    56
Throw: Stone             |       |    17 |    14 |     1 ||    32
       Dart              |       |       |     4 |       ||     4
Invok: Berserk           |     2 |     4 |    10 |     4 ||    20
       Trog's Hand       |       |       |     5 |     7 ||    12
Evoke: Wand              |       |       |     1 |     1 ||     2
  Use: Scroll            |     6 |     6 |     7 |    10 ||    29
       Potion            |       |       |       |     1 ||     1
Armor: Chain mail        |    56 |    44 |    75 |    10 ||   185
       Plate armour      |       |       |       |   115 ||   115
Dodge: Dodged            |    41 |    55 |    68 |    80 ||   244

Levels and vault maps discovered:
D:1:      elethiomel_arrival_shortcut, layout_basic, minmay_split_cup_large
D:2:      layout_loops_ring, serial_shops, nicolae_shop_stone,
          nicolae_shop_hallway_stairs, nicolae_shop_statue_plus, shop,
          nicolae_shop_behind_doors
D:3:      layout_basic, mainiacjoe_overflow_tiny_flanked,
          shapermc_ecumenical_altar_totnotflames
D:4:      layout_basic, minmay_diced_spiral, uniq_robin
D:5:      layout_basic, serial_shops,
          nicolae_shop_temple_entry_statues_fountains
D:6:      layout_gridville, minmay_temple_entry_drinking_statues, uniq_edmund
D:7:      layout_rooms, mainiacjoe_overflow_six_doors_small, enter_bailey_2,
          grunt_livestock, solitary_fountain, palyth_stone_intersect,
          st_stairs_6, small_statue_alley_b
D:8:      layout_rooms, chequers_temple_overflow_statue_of_worship, uniq_psyche
D:9:      layout_basic, gammafunk_temple_overflow_wave, uniq_maggie
D:10:     layout_loops_ring, serial_shops, nicolae_shop_hallway_stairs,
          lemuel_flamethrower_2
D:11:     layout_rooms, lair_entry_dummy,
          kennysheep_orc_monster_closet_entryway, uniq_nergalle, uniq_harold

Notes
Turn   | Place    | Note
-------+----------+-------------------------------------------
     0 | D:1      | Pooter the Minotaur Berserker began the quest for the Orb.
     0 | D:1      | Reached XP level 1. HP: 19/19 MP: 0/0
   123 | D:1      | Reached XP level 2. HP: 27/27 MP: 1/1
   249 | D:1      | Reached skill level 4 in Fighting
   253 | D:1      | Reached skill level 4 in Axes
   319 | D:1      | Reached skill level 3 in Armour
   344 | D:1      | Reached XP level 3. HP: 31/33 MP: 2/2
  1049 | D:2      | Found Lobremp's Distillery.
  1056 | D:2      | Found Itekith's Magic Scroll Shoppe.
  1077 | D:2      | Bought a scroll of identify for 26 gold pieces
  1077 | D:2      | Bought a scroll of identify for 26 gold pieces
  1096 | D:2      | Reached ** piety under Trog
  1148 | D:2      | Found Faecadwi's Armour Shop.
  1193 | D:2      | Reached XP level 4. HP: 41/41 MP: 3/3
  1334 | D:2      | Found Nagufil's Antique Armour Boutique.
  1608 | D:2      | Bought a scroll of identify for 26 gold pieces
  1608 | D:2      | Bought a scroll of identify for 26 gold pieces
  1721 | D:2      | Found Orror's Antique Weapon Boutique.
  1743 | D:2      | Identified the ring "Hatasuz" {rElec rN+}
  2249 | D:3      | Reached skill level 1 in Evocations
  2291 | D:3      | Found a hazy altar of Hepliaklqana.
  2394 | D:2      | Bought a war axe for 70 gold pieces
  2592 | D:2      | Bought a scroll of identify for 26 gold pieces
  2654 | D:3      | Found a faded altar of an unknown god.
  2660 | D:3      | Noticed an ogre
  2664 | D:3      | Killed an ogre
  2665 | D:3      | Reached skill level 5 in Axes
  2665 | D:3      | Reached XP level 5. HP: 47/47 MP: 4/4
  3082 | D:4      | Reached skill level 5 in Fighting
  3468 | D:4      | Reached skill level 6 in Axes
  3468 | D:4      | Reached skill level 2 in Evocations
  3468 | D:4      | Reached XP level 6. HP: 44/56 MP: 5/5
  3584 | D:2      | Bought a potion of might for 44 gold pieces
  3823 | D:4      | Noticed Robin
  3831 | D:4      | Killed Robin
  4004 | D:2      | Bought a scroll of identify for 26 gold pieces
  4374 | D:5      | Entered Level 5 of the Dungeon
  4408 | D:5      | HP: 4/84 [ogre/+0 giant spiked club (16)]
  4484 | D:5      | Reached skill level 7 in Axes
  4484 | D:5      | Reached XP level 7. HP: 60/62 MP: 6/6
  4672 | D:5      | Reached skill level 6 in Fighting
  4672 | D:5      | Reached skill level 3 in Evocations
  5048 | D:5      | Found Mowohu's Antique Weapon Shop.
  5375 | D:6      | Reached skill level 8 in Axes
  5447 | D:6      | Reached XP level 8. HP: 52/71 MP: 7/7
  5588 | D:6      | Found a staircase to the Ecumenical Temple.
  5779 | D:6      | Reached *** piety under Trog
  5780 | D:6      | Reached skill level 7 in Fighting
  5780 | D:6      | Reached skill level 9 in Axes
  5780 | D:6      | Reached skill level 4 in Evocations
  5828 | D:6      | Identified the +0 pair of gloves of Kuptur {Harm rElec
                  | Will+}
  5876 | D:6      | Killed an unseen horror
  5989 | D:6      | Noticed Edmund
  5999 | D:6      | Killed Edmund
  6000 | D:6      | Reached skill level 1 in Ranged Weapons
  6029 | D:6      | Reached skill level 10 in Axes
  6029 | D:6      | Reached skill level 2 in Ranged Weapons
  6465 | D:7      | Reached XP level 9. HP: 81/81 MP: 8/8
  6488 | D:7      | Reached skill level 3 in Ranged Weapons
  6506 | D:7      | Identified a scarf of resistance
  6517 | D:7      | Identified a scroll of acquirement
  6517 | D:7      | Acquired a +2 vorpal broad axe
  6558 | D:7      | Found a flagged portal.
  6580 | Bailey   | Entered a bailey
  6657 | Bailey   | Noticed an orc knight
  6664 | Bailey   | Reached skill level 8 in Fighting
  6669 | Bailey   | Killed an orc knight
  6670 | Bailey   | Reached skill level 4 in Ranged Weapons
  6670 | Bailey   | Reached skill level 5 in Evocations
  6752 | Bailey   | Reached skill level 11 in Axes
  6790 | Bailey   | Acquired a +2 battleaxe of freezing
  6903 | Bailey   | Found an iron altar of Okawaru.
  6905 | Bailey   | Noticed a kobold demonologist
  6905 | Bailey   | Noticed a kobold demonologist
  6915 | Bailey   | Noticed a rust devil
  6915 | Bailey   | Killed a kobold demonologist
  6916 | Bailey   | Reached skill level 5 in Ranged Weapons
  6916 | Bailey   | Killed a kobold demonologist
  7111 | Bailey   | Reached XP level 10. HP: 90/90 MP: 9/9
  7332 | D:7      | Reached skill level 6 in Ranged Weapons
  7378 | D:7      | Found a glowing golden altar of the Shining One.
  7474 | D:2      | Bought a scroll of brand weapon for 123 gold pieces
  7545 | D:7      | Reached skill level 9 in Fighting
  7733 | D:7      | Reached skill level 12 in Axes
  7856 | D:7      | Reached skill level 6 in Evocations
  7859 | D:7      | Reached **** piety under Trog
  8121 | D:2      | Bought a potion of invisibility for 88 gold pieces
  8228 | D:8      | Found a snail-covered altar of Cheibriados.
  8229 | D:8      | Found a hide-covered altar of Uskayaw.
  8231 | D:8      | Found a stormy altar of Qazlal.
  8232 | D:8      | Found an iron altar of Okawaru.
  8246 | D:8      | Reached skill level 7 in Ranged Weapons
  8260 | D:8      | Noticed Psyche
  8264 | D:8      | Killed Psyche
  8739 | D:9      | Reached skill level 13 in Axes
  8739 | D:9      | Reached skill level 8 in Ranged Weapons
  8839 | D:9      | Found a burning altar of Makhleb.
  8839 | D:9      | Found a broken altar of Ashenzari.
  8969 | D:9      | Noticed a two-headed ogre
  8974 | D:9      | Killed a two-headed ogre
  8975 | D:9      | Reached XP level 11. HP: 99/99 MP: 10/10
  9339 | D:9      | Noticed Maggie
  9347 | D:9      | Killed Maggie
  9556 | D:2      | Bought a potion of curing for 33 gold pieces
  9556 | D:2      | Bought a potion of mutation for 88 gold pieces
  9556 | D:2      | Bought a potion of attraction for 33 gold pieces
  9667 | D:10     | Entered Level 10 of the Dungeon
  9690 | D:10     | Noticed a two-headed ogre
  9702 | D:10     | Killed a two-headed ogre
  9703 | D:10     | Reached skill level 10 in Fighting
  9799 | D:10     | Noticed a two-headed ogre
  9852 | D:10     | Killed a two-headed ogre
  9853 | D:10     | Reached skill level 9 in Ranged Weapons
  9853 | D:10     | Reached skill level 7 in Evocations
  9889 | D:10     | Found Evimeusoi's Antique Weapon Boutique.
  9934 | D:10     | Identified a potion of experience
  9935 | D:10     | Reached skill level 15 in Axes
  9935 | D:10     | Reached skill level 11 in Ranged Weapons
  9935 | D:10     | Reached XP level 12. HP: 106/106 MP: 11/11
 10432 | D:11     | Noticed Harold
 10440 | D:11     | Killed Harold
 10710 | D:11     | Found a staircase to the Lair.
 10743 | D:11     | Identified the +1 robe of the Wary Continents {Will- Str+2
                  | Dex+4}
 11011 | D:2      | Bought a scroll of blinking for 97 gold pieces
 11170 | D:11     | Noticed Nergalle
 11179 | D:11     | Killed Nergalle
 11296 | D:11     | Found a staircase to the Orcish Mines.
 11316 | D:11     | HP: 13/162 [asphyx]
 11317 | D:11     | HP: 6/162 [gnoll sergeant/+0 spear (3)]
 11317 | D:11     | Slain by a troll

Vanquished Creatures
  Harold (D:11)
  3 two-headed ogres
  Nergalle (D:11)
  An orc knight (Bailey)
  2 cyclopes (D:11)
  A gargoyle (D:11)
  Psyche (D:8)
  Maggie (D:9)
  3 kobold demonologists
  An unseen horror (D:6)
  3 trolls
  A hornet (D:7)
  A wraith (D:10)
  11 yaks
  A human (D:7)
  3 hogs (D:7)
  Edmund (D:6)
  3 steam dragons
  3 black bears
  13 orc warriors
  A sky beast (D:6)
  2 centaurs (D:9)
  5 ogres
  A phantom (D:5)
  3 kobold brigands
  A bullfrog (D:7)
  4 gnoll sergeants (D:11)
  6 scorpions
  3 necrophages
  6 killer bees (D:8)
  An electric eel (Bailey)
  2 howler monkeys
  2 jellies
  3 hounds
  7 orc priests
  2 gnoll boudas
  4 iguanas
  3 orc wizards
  Robin (D:4)
  10 adders
  14 gnolls
  A white imp (D:8)
  3 ufetubi
  2 worms
  6 dart slugs
  42 orcs
  7 ball pythons
  4 endoplasms
  3 giant cockroaches (D:1)
  24 goblins
  15 hobgoblins
  10 jackals
  8 quokkas
  3 bats
  2 frilled lizards
  13 kobolds
  2 rats
281 creatures vanquished.

Vanquished Creatures (others)
  A wraith (D:10)
  An orc (D:11)
2 creatures vanquished.

Grand Total: 283 creatures vanquished

Table legend: (Time is in decaauts)
 A = Elapsed time spent in this place.
 B = Non-inter-level travel time spent in this place.
 C = Inter-level travel time spent in this place.
 D = Time resting spent in this place.
 E = Time spent auto-exploring this place.
 F = Levels seen in this place.
 G = Mean time per level.
                   A        B        C        D        E       F      G
               +--------+--------+--------+--------+--------+-----+--------+
         Total |  11614 |  10040 |   1574 |   1701 |   6411 |  12 |  967.8 |
       Dungeon |  10841 |   9267 |   1574 |   1469 |   6152 |  11 |  985.5 |
        Bailey |    772 |    772 |      0 |    231 |    259 |   1 |  772.0 |
               +--------+--------+--------+--------+--------+-----+--------+

Top non-repeatable levels by time:
     D:2: 1408 daAuts
     D:4: 1238 daAuts
     D:6: 1198 daAuts
     D:5: 1185 daAuts
     D:3: 1151 daAuts
     D:1: 1033 daAuts
    D:10: 1021 daAuts
     D:9: 982 daAuts
     D:7: 828 daAuts
  Bailey: 772 daAuts
    D:11: 431 daAuts
     D:8: 361 daAuts

Table legend:
 A = Non-vault XP
 B = Vault XP
 C = Vault XP percentage of total XP
 D = Non-vault monster count
 E = Vault monster count
 F = Vault count percentage of total count
                 A         B        C        D         E       F
            +---------+---------+-------+---------+---------+-------
      Total |   13023 |    7342 |  36.1 |     206 |      75 |  26.7
            +---------+---------+-------+---------+---------+-------
        D:1 |      60 |       8 |  11.8 |      29 |       4 |  12.1
        D:2 |      42 |       0 |   0.0 |      16 |       0 |   0.0
        D:3 |     153 |       0 |   0.0 |      15 |       0 |   0.0
        D:4 |     148 |      81 |  35.4 |      11 |      12 |  52.2
        D:5 |     667 |       0 |   0.0 |      20 |       0 |   0.0
        D:6 |    1424 |     178 |  11.1 |      27 |       1 |   3.6
        D:7 |    1150 |    1071 |  48.2 |      25 |       6 |  19.4
        D:8 |     812 |     391 |  32.5 |      24 |       1 |   4.0
        D:9 |    2446 |     389 |  13.7 |      15 |       1 |   6.2
       D:10 |    4080 |       0 |   0.0 |      14 |       0 |   0.0
       D:11 |    2041 |    2546 |  55.5 |      10 |      16 |  61.5
     Bailey |       0 |    2678 | 100.0 |       0 |      34 | 100.0
            +---------+---------+-------+---------+---------+-------
